 Dungeon Sprint DCSS version 0.29-a0-356-g7bc237e783 (webtiles) character file.

Game seed: 6523319387970992375

1700000 Zeldest the Severer (level 14, -6/100 HPs)
             Began as a Tengu Warper on Apr 25, 2022.
             Was a Believer of Makhleb.
             Mangled by a meat berserker
             ... wielding a +9 battleaxe
              (33 damage)
             ... in the Dungeon (Sprint VIII: "Arena of Blood").
             The game lasted 00:01:24 (17 turns).

Zeldest the Severer (Tengu Warper)                    Turns: 17, Time: 00:01:25

Health: -6/100     AC:  5    Str: 14    XL:     14   Next: 13%
Magic:  16/23      EV: 26    Int: 14    God:    Makhleb [**....]
Gold:   0          SH:  0    Dex: 16    Spells: 17/17 levels left

rFire   . . .      SeeInvis .   j - +∞ Axe of Woe
rCold   . . .      Faith    .   (shield currently unavailable)
rNeg    . . .      Spirit   .   b - +0 leather armour
rPois   .          Reflect  .   (helmet restricted)
rElec   .          Harm     .   (no cloak)
rCorr   .          Rampage  .   (no gloves)
Will    +....      NoTele   +   (boots unavailable)
Stlth   +.........              (no amulet)
HPRegen 0.26/turn               (no ring)
MPRegen 0.18/turn               (no ring)

@: flying quickly and evasively, quick
A: beak, talons 3, nimble flight
a: Renounce Religion, Minor Destruction


You were in the Dungeon.
You worshipped Makhleb.
Makhleb was pleased with you.
You visited 1 branch

Inventory:

Hand Weapons
 a - a +0 hand axe
 j - the +∞ Axe of Woe (weapon)
   (You found it in the Dungeon)
Missiles
 d - 7 boomerangs of dispersal (quivered)
Armour
 b - a +0 leather armour (worn)
Scrolls
 c - 2 scrolls of blinking
Potions
 e - a potion of curing
 f - a potion of heal wounds
 g - a potion of haste
 h - 2 potions of magic
 i - a potion of berserk rage


   Skills:
 + Level 16.7 Fighting
 + Level 18.1 Axes
 - Level 1.0 Throwing
 + Level 18.0 Armour
 + Level 18.0 Dodging
 - Level 2.0 Spellcasting
 + Level 14.3 Translocations
 + Level 11.1 Invocations


You had 17 spell levels left.
You didn't know any spells.
Your spell library contained the following spells:

 Spells                   Type           Power      Damage    Failure   Level
 Blink                    Tloc           82%        N/A       1%          2
 Gell's Gravitas          Tloc           41%        N/A       1%          3
 Lesser Beckoning         Tloc           41%        N/A       1%          3
 Teleport Other           Tloc           41%        N/A       1%          3
 Manifold Assault         Tloc           41%        N/A       1%          5


Dungeon Overview and Level Annotations

Branches:
Dungeon (1/1)

Altars:
Makhleb


Innate Abilities, Weirdness & Mutations

You have a beak for a mouth.
You have claws for feet.
Your magical nature lets you fly swiftly and evasively.


Message History

You hear a shout! x9
You slash the bag of meat!
You slaughter the bag of meat joyfully.
You kill the bag of meat!
Makhleb accepts your kill.
You slice the bag of meat!!
You butcher the bag of meat messily.
You kill the bag of meat!
Makhleb accepts your kill.
You hear a shout! x13; You hear two shouts!
Your Fighting skill increases to level 16!
Your Axes skill gained 2 levels and is now at level 18!
Your Armour skill gained 2 levels and is now at level 18!
Your Dodging skill gained 2 levels and is now at level 18!
Your Translocations skill increases to level 14!
Your Invocations skill gained 2 levels and is now at level 11!
You have reached level 14!
This spell is dangerous to cast!
Memorise Manifold Assault, consuming 5 spell levels and leaving 12?
You hear a shout! x9
You start memorising the spell.
You continue memorising.
The bag of meat shouts!
You hear a shout! x15
You continue memorising.
The meat berserker appears out of thin air!
You hear a shout! x10
You continue memorising.
You hear a shout! x8
The bag of meat hits you with a +9 war axe!!
Your memorisation is interrupted.
The bag of meat hits you with a +9 war axe!!
* * * LOW HITPOINT WARNING * * *
You hear a shout! x7
You slice the bag of meat!!
You cleave the bag of meat in twain.
You kill the bag of meat!
Makhleb accepts your kill.
You can now harness Makhleb's destructive might.
You feel better.
You slash the bag of meat!
You hew the bag of meat savagely.
You kill the bag of meat!
Makhleb accepts your kill.
You hear a shout! x4
The meat berserker hits you with a +9 battleaxe!!
You die...

#.. ..# #.. ..#
.###.. ..###.
......###o.....
....._.....
#.....# .
#_.<._# .
....#.)o..#....
......O@)......
......###......
.###.. ..###.
#.. ..# #. .#
o. .. .. ..


You could see a meat berserker (berserk) and 2 bags of meat.

Vanquished Creatures
  An ogre (D)
  6 orcs (D)
7 creatures vanquished.

Notes
Turn   | Place    | Note
-------+----------+-------------------------------------------
     0 | D        | Found the +∞ Axe of Woe
     0 | D        | Zeldest the Tengu Warper began the quest for the Orb.
     0 | D        | Reached XP level 1. HP: 12/12 MP: 4/4
     0 | D        | Noticed a bag of meat
     2 | D        | Killed a bag of meat
     2 | D        | Noticed a bag of meat
     2 | D        | Noticed a bag of meat
     3 | D        | Reached skill level 10 in Translocations
     3 | D        | Reached XP level 2. HP: 30/30 MP: 6/6
     3 | D        | Reached XP level 3. HP: 35/35 MP: 7/7
     3 | D        | Reached XP level 4. HP: 40/40 MP: 8/8
     3 | D        | Gained mutation: Your magical nature lets you fly swiftly
                  | and evasively. [Tengu growth]
     3 | D        | Reached XP level 5. HP: 45/45 MP: 9/9
     3 | D        | Reached XP level 6. HP: 51/51 MP: 10/10
     3 | D        | Reached XP level 7. HP: 56/56 MP: 11/11
     3 | D        | Reached XP level 8. HP: 60/60 MP: 12/12
     3 | D        | Reached XP level 9. HP: 65/65 MP: 13/13
     3 | D        | Reached XP level 10. HP: 71/71 MP: 14/14
     3 | D        | Reached XP level 11. HP: 76/76 MP: 15/15
     4 | D        | Became a worshipper of Makhleb the Destroyer
     5 | D        | Noticed a meat berserker
     7 | D        | Noticed a bag of meat
     9 | D        | Noticed a bag of meat
     9 | D        | Noticed a bag of meat
     9 | D        | Noticed a bag of meat
    10 | D        | Killed a bag of meat
    10 | D        | Killed a meat berserker
    10 | D        | Reached * piety under Makhleb
    11 | D        | Reached skill level 15 in Fighting
    11 | D        | Reached XP level 12. HP: 45/88 MP: 15/19
    11 | D        | Reached XP level 13. HP: 47/92 MP: 15/20
    12 | D        | Killed a bag of meat
    12 | D        | Killed a bag of meat
    13 | D        | Reached XP level 14. HP: 52/100 MP: 15/23
    13 | D        | Noticed a bag of meat
    14 | D        | Noticed a bag of meat
    16 | D        | Noticed a meat berserker
    17 | D        | Killed a bag of meat
    17 | D        | Reached ** piety under Makhleb
    17 | D        | Killed a bag of meat
    17 | D        | Mangled by a meat berserker

Illustrated notes

Levels and vault maps discovered:
D:        meatsprint

Skill      XL: |  1  2  3  4  5  6  7  8  9 10 11 12 13 |
---------------+----------------------------------------+-----
Fighting       | 12 15 16 | 16.7
Axes           | 13 16 18 | 18.1
Armour         | 12 16 18 | 18.0
Dodging        | 13 16 18 | 18.0
Translocations | 10 13 14 | 14.3
Invocations    | 9 11 | 11.1
Throwing       | |  1.0
Spellcasting   | |  2.0

Action                   |  1- 3 |  4- 6 |  7- 9 | 10-12 | 13-15 || total
-------------------------+-------+-------+-------+-------+-------++-------
Melee: Executioner's axe |     1 |       |       |     1 |     2 ||     4

Table legend: (Time is in decaauts)
 A = Elapsed time spent in this place.
 B = Non-inter-level travel time spent in this place.
 C = Inter-level travel time spent in this place.
 D = Time resting spent in this place.
 E = Time spent auto-exploring this place.
 F = Levels seen in this place.
 G = Mean time per level.
                   A        B        C        D        E       F      G
               +--------+--------+--------+--------+--------+-----+--------+
         Total |     17 |     17 |      0 |      0 |      0 |   1 |   17.0 |
       Dungeon |     17 |     17 |      0 |      0 |      0 |   1 |   17.0 |
               +--------+--------+--------+--------+--------+-----+--------+

Top non-repeatable levels by time:
       D: 17 daAuts
